 Dungeon Crawl Stone Soup version 0.28-a0-1159-g27aa881441 (webtiles) character file.

Game seed: 6602895697616127326

262 coolguy420 the Conjurer (level 5, 0/28 HPs)
             Began as a Deep Elf Conjurer on Dec 15, 2021.
             Was a Believer of Makhleb.
             Slain by Grinder (2 damage)
             ... on level 3 of the Dungeon.
             The game lasted 00:06:11 (3876 turns).

coolguy420 the Conjurer (Deep Elf Conjurer)         Turns: 3876, Time: 00:06:12

Health: 0/28       AC:  2    Str:  4    XL:     5   Next: 97%
Magic:  3/14       EV: 12    Int: 25    God:    Makhleb [**....]
Gold:   116        SH:  0    Dex: 13    Spells: 10/13 levels left

rFire   . . .      SeeInvis .   (no weapon)
rCold   . . .      Faith    .   (no shield)
rNeg    . . .      Spirit   .   a - +0 robe
rPois   .          Reflect  .   (no helmet)
rElec   .          Harm     .   (no cloak)
rCorr   .          Rampage  .   (no gloves)
Will    .....                   (no boots)
Stlth   ++........              (no amulet)
HPRegen 0.09/turn               (no ring)
MPRegen 0.14/turn               (no ring)

@: no status effects
A: no striking features
a: Renounce Religion, Minor Destruction


You were on level 3 of the Dungeon.
You worshipped Makhleb.
Makhleb was pleased with you.
You visited 1 branch of the dungeon, and saw 3 of its levels.

You collected 116 gold pieces.

Inventory:

Armour
 a - a +0 robe (worn)
Jewellery
 h - a ring of fire
Wands
 l - a wand of flame (1)
Scrolls
 c - a scroll of fog {unknown}
 e - a scroll of torment {unknown}
 f - a scroll of immolation {unknown}
 g - 3 scrolls of identify {unknown}
 j - a scroll of teleportation {unknown}
 n - a scroll of vulnerability {unknown}
Potions
 b - 2 potions of haste {unknown}
 d - a potion of heal wounds {unknown}
 i - 3 potions of mutation {unknown}
 k - a potion of attraction {unknown}
 m - a potion of degeneration {unknown}


   Skills:
 + Level 3.0 Dodging
 + Level 3.5 Stealth
 + Level 4.9 Spellcasting
 + Level 6.7 Conjurations


You had 10 spell levels left.
You knew the following spells:

 Your Spells              Type           Power      Damage    Failure   Level
a - Magic Dart            Conj           100%       1d8       1%          1
b - Searing Ray           Conj           78%        2d7       1%          2

Your spell library contained the following spells:

 Spells                   Type           Power      Damage    Failure   Level
 Dazzling Flash           Conj/Hex       44%        N/A       6%          3
 Fulminant Prism          Conj/Hex       11%        3d9       21%         4
 Iskenderun's Mystic Bla  Conj/Tloc      22%        2d6       21%         4


Dungeon Overview and Level Annotations

Branches:
Dungeon (3/15)

Altars:
Makhleb

Annotations:
D:3 Grinder


Message History

Grinder is lightly wounded.
The magic dart hits Grinder.
Grinder is lightly wounded.
Casting: Magic Dart (safe; 1% risk of failure)
Confirm with . or Enter, or press ? or * to list all spells.
Aiming: Searing Ray (safe; 1% risk of failure)
Press: ? - help, Shift-Dir - straight line, f/p - Grinder
Aim: Grinder (lightly wounded, 78% to hit)
The searing ray hits Grinder.
Grinder is moderately wounded. (Press . to maintain the ray.)
The searing ray hits Grinder.
Grinder is moderately wounded.
The searing ray hits Grinder.
Grinder is moderately wounded.
The searing ray hits Grinder!
Grinder is severely wounded.
You finish channelling your searing ray.
Grinder says, "I used to sell toenails on the black market."
Grinder barely misses you. Grinder hits you but does no damage.
Casting: Searing Ray (safe; 1% risk of failure)
Confirm with . or Enter, or press ? or * to list all spells.
Aiming: Searing Ray (safe; 1% risk of failure)
Press: ? - help, Shift-Dir - straight line, f/p - Grinder
Aim: Grinder (severely wounded, 78% to hit)
The searing ray hits Grinder.
Grinder is severely wounded. (Press . to maintain the ray.) Grinder hits you!
You writhe in agony.
The searing ray hits Grinder.
Grinder is almost dead.
Grinder hits you!
* * * LOW HITPOINT WARNING * * *
You writhe in agony.
* * * LOW HITPOINT WARNING * * *
The searing ray hits Grinder.
Grinder is almost dead.
Grinder hits you.
You die...

#.# #..... ###.###..####
#...........##
#..####..#...######
######..........#.......
........####.>#>........
#######.# #..##.#.#####
#.####..#.....##..
#@........#...<..#
#5#####.#.>...##.. ..#
#.##.#.####( ##.#
##.##.#.###.# #.#
#.....#....## #.#
#..########.# #.# #..#
##.. #.# #..# ###...
#..) .......


You could see Grinder.

Vanquished Creatures
  Terence (D:3)
  Natasha (thrice) (D:2)
  Robin (D:2)
  4 gnolls
  An adder (D:2)
  3 worms
  2 dart slugs (D:3)
  4 orcs (D:3)
  9 ball pythons
  3 endoplasms
  A giant cockroach (D:1)
  8 hobgoblins
  8 jackals
  3 quokkas
  3 bats
  A frilled lizard (D:3)
  19 goblins
  8 kobolds
  4 rats
86 creatures vanquished.

Notes
Turn   | Place    | Note
-------+----------+-------------------------------------------
     0 | D:1      | coolguy420 the Deep Elf Conjurer began the quest for the
                  | Orb.
     0 | D:1      | Reached XP level 1. HP: 10/10 MP: 6/6
   251 | D:1      | Reached XP level 2. HP: 15/15 MP: 6/8
   412 | D:1      | Found a faded altar of an unknown god.
   425 | D:1      | Prayed at the altar of an unknown god.
   425 | D:1      | Became a worshipper of Makhleb the Destroyer
   425 | D:1      | Reached * piety under Makhleb
   532 | D:1      | Reached skill level 5 in Conjurations
   575 | D:1      | Learned a level 2 spell: Searing Ray
   777 | D:1      | Reached XP level 3. HP: 19/19 MP: 2/9
  1265 | D:2      | Noticed Natasha
  1271 | D:2      | Killed Natasha
  1272 | D:2      | Reached XP level 4. HP: 19/24 MP: 2/11
  1572 | D:2      | Reached ** piety under Makhleb
  1760 | D:2      | Reached skill level 6 in Conjurations
  1951 | D:2      | Noticed Natasha
  1955 | D:2      | Killed Natasha
  1956 | D:2      | Reached XP level 5. HP: 28/28 MP: 7/13
  2330 | D:2      | Noticed Robin
  2336 | D:2      | Killed Robin
  2812 | D:2      | Noticed Natasha
  2817 | D:2      | Killed Natasha
  3276 | D:3      | Noticed Terence
  3289 | D:3      | Killed Terence
  3865 | D:3      | Noticed Grinder
  3876 | D:3      | Slain by Grinder

Illustrated notes

Levels and vault maps discovered:
D:1:      matt_arrival_refuge, layout_loops_ring,
          dreamdust_ecumenical_altar_angels_and_demons
D:2:      layout_loops_corners, uniq_robin, uniq_natasha
D:3:      layout_loops_ring, uniq_grinder, uniq_terence

Skill      XL: |  1  2  3  4  5 |
---------------+----------------+-----
Conjurations   | 5 6 |  6.7
Stealth        | 3 |  3.5
Spellcasting   | 4 |  4.9
Dodging        | 3 |  3.0

Action                   |  1- 3 |  4- 6 || total
-------------------------+-------+-------++-------
 Cast: Magic Dart        |    56 |   119 ||   175
       Searing Ray       |       |     5 ||     5
Armor: Robe              |       |    10 ||    10
Dodge: Dodged            |       |    18 ||    18

Table legend: (Time is in decaauts)
 A = Elapsed time spent in this place.
 B = Non-inter-level travel time spent in this place.
 C = Inter-level travel time spent in this place.
 D = Time resting spent in this place.
 E = Time spent auto-exploring this place.
 F = Levels seen in this place.
 G = Mean time per level.
                   A        B        C        D        E       F      G
               +--------+--------+--------+--------+--------+-----+--------+
         Total |   3876 |   3760 |    116 |    246 |   3136 |   3 | 1292.0 |
       Dungeon |   3876 |   3760 |    116 |    246 |   3136 |   3 | 1292.0 |
               +--------+--------+--------+--------+--------+-----+--------+

Top non-repeatable levels by time:
     D:2: 1746 daAuts
     D:1: 1422 daAuts
     D:3: 707 daAuts
